Map: Traitor's Exile

Players

FaLcoNeT - Winner!

  • Race: Terran Terran
  • Spawn Location: 6:00

PureLegacy - Winner!

  • Race: Terran Terran
  • League: Master
  • Spawn Location: 5:00

BestKr

  • Race: Protoss Protoss
  • Spawn Location: 12:00

dhrma

  • Race: Protoss Protoss
  • Spawn Location: 9:00

VOD

Have the link to the VOD?

Description

Time

  • Played on: Dec. 3, 2018, 3:49 p.m.
  • Length: 15:43
Show
View Real Time Build Order
Export as new Build Order

FaLcoNeT Terran - Winner!

Build Orders:  

Get SALT Encoding   

  12  0:01  SCV  
  13  0:13  SCV  
  14  0:18  Supply Depot  
  14  0:25  SCV  
  15  0:39  SCV  
  15  0:41  Barracks  
  16  0:48  Refinery  
  16  0:51  SCV  
  17  1:03  SCV  
  18  1:16  SCV  
  19  1:32  Orbital Command  
  19  1:37  Barracks Reactor  
  19  1:46  Command Center  
  19  2:00  SCV  
  20  2:04  Supply Depot  
  20  2:12  SCV  
  21  2:16  Marine x2  
  21  2:17  Factory  
  23  2:26  SCV  
  24  2:33  Barracks  
  24  2:38  Refinery, SCV  
  24  2:39  Marine  
  24  2:42  Marine  
  27  2:50  SCV  
  28  2:57  Marine  
  28  2:58  Orbital Command  
  29  3:02  Factory Tech Lab  
  29  3:03  SCV  
  30  3:08  Marine  
  31  3:17  Orbital Command  
  31  3:18  Marine  
  31  3:19  SCV  
  33  3:21  Siege Tank  
  36  3:32  Engineering Bay, SCV  
  36  3:33  Barracks Tech Lab  
  37  3:36  Marine  
  37  3:39  Supply Depot  
  38  3:41  Marine  
  38  3:43  SCV  
  38  3:44  SCV  
  41  3:55  Marine, Starport, SCV  
  43  3:57  SCV  
  44  4:03  Missile Turret  
  44  4:06  Missile Turret  
  44  4:07  SCV  
  44  4:09  Marine  
  46  4:13  Marine  
  46  4:14  SCV  
  48  4:17  Marine  
  48  4:20  Stimpack  
  48  4:22  SCV  
  50  4:27  Marine  
  50  4:28  SCV  
  50  4:30  Marine  
  53  4:31  Starport Reactor  
  53  4:34  SCV  
  53  4:36  Supply Depot  
  54  4:42  Supply Depot  
  54  4:57  SCV x2  
  54  4:59  Supply Depot  
  56  5:00  Command Center  
  56  5:01  Marine  
  56  5:02  Marine  
  58  5:07  Medivac x2  
  58  5:13  SCV  
  63  5:15  SCV  
  63  5:16  Barracks  
  63  5:17  Marine  
  65  5:22  Marine  
  65  5:23  Barracks  
  65  5:25  SCV  
  65  5:27  SCV  
  68  5:28  Marine  
  68  5:32  Supply Depot  
  70  5:37  SCV  
  70  5:38  Supply Depot  
  70  5:44  SCV  
  70  5:46  Marine  
  70  5:49  Refinery  
  72  5:54  Marine x2  
  72  5:55  Medivac  
  72  5:56  SCV  
  77  6:04  Marine  
  75  6:05  SCV  
  71  6:12  Marine  
  71  6:15  Marine x2  
  67  6:23  Marine x2  
  67  6:24  Siege Tank  
  53  6:30  Marine  
  46  6:32  Planetary Fortress  
  46  6:33  Marine x2  
  45  6:40  Marine  
  45  6:41  Marine  
  45  6:43  Orbital Command  
  40  6:50  Marine  
  40  6:51  Marine  
  14  7:09  Orbital Command  
    8:20  Orbital Command  
    8:50  SCV  
  1  9:06  SCV  
  2  9:19  SCV  
  3  9:34  SCV  
  4  9:48  SCV  
  5  10:04  SCV  
  6  10:17  SCV  
  7  10:29  SCV  
  8  10:41  SCV  
  9  10:53  SCV  
  10  11:05  SCV  
  11  11:20  SCV  
  12  11:36  SCV  
  13  11:48  SCV  
  14  12:10  Orbital Command  
  14  12:51  SCV  
  15  13:15  Refinery  
  15  13:27  Refinery  
  15  13:58  Supply Depot  
  15  14:20  SCV  
  16  14:42  SCV  
  17  15:03  SCV  
  18  15:22  SCV  
Show
View Real Time Build Order
Export as new Build Order

PureLegacy Terran - Winner!

Build Orders:  

Get SALT Encoding   

  12  0:00  SCV  
  13  0:13  SCV  
  14  0:18  Supply Depot  
  14  0:25  SCV  
  15  0:30  Refinery  
  15  0:39  SCV  
  16  0:46  Barracks  
  16  0:51  SCV  
  17  1:14  Barracks  
  17  1:36  Reaper  
  18  1:53  Barracks  
  18  2:02  Reaper  
  19  2:09  Reaper  
  19  2:14  SCV  
  21  2:27  Orbital Command  
  21  2:34  Reaper  
  21  2:35  Supply Depot  
  22  2:41  Reaper  
  23  2:57  Reaper, SCV  
  25  3:00  Supply Depot  
  25  3:09  SCV  
  25  3:10  Reaper  
  27  3:21  SCV  
  27  3:22  Reaper  
  29  3:30  Engineering Bay  
  29  3:43  Command Center  
  29  3:44  Refinery  
  29  3:49  SCV  
  30  4:01  Barracks Tech Lab  
  28  4:02  Barracks Reactor  
  28  4:05  Missile Turret  
  28  4:10  SCV  
  28  4:15  Barracks Reactor  
  29  4:19  Bunker  
  29  4:20  Marine  
  29  4:22  SCV  
  31  4:37  SCV  
  32  4:41  Marine  
  32  4:44  Marine x2  
  34  4:47  Stimpack  
  33  4:55  SCV  
  33  4:56  Marine x2  
  33  4:58  Factory  
  35  5:11  SCV  
  36  5:14  Marine x2  
  36  5:15  Marine x2  
  36  5:17  Orbital Command  
  39  5:23  SCV  
  40  5:31  Marine  
  40  5:35  SCV  
  42  5:42  Factory Reactor, Starport  
  42  5:44  SCV  
  42  5:47  SCV  
  44  5:50  Supply Depot  
  44  5:56  Marine x3, SCV  
  44  5:57  Marine x2  
  47  5:59  SCV  
  47  6:00  Supply Depot  
  50  6:08  SCV  
  50  6:10  Barracks  
  51  6:11  Barracks, SCV  
  52  6:20  SCV  
  52  6:23  Engineering Bay, SCV  
  54  6:26  Marine x3  
  54  6:27  Marine  
  58  6:34  Marauder  
  59  6:42  Medivac x2  
  59  6:44  SCV x2  
  59  6:46  Supply Depot x2  
  65  6:47  Supply Depot  
  65  6:48  Marine x3  
  65  6:49  Marine  
  65  6:54  Combat Shield  
  69  6:58  Barracks Tech Lab x2  
  69  7:08  Terran Infantry Armor Level 1, Terran Infantry Weapons Level 1, Marauder  
  71  7:15  Factory Tech Lab  
  71  7:16  Marine x4  
  71  7:18  Marine  
  76  7:24  Marine  
  76  7:25  SCV x2  
  76  7:27  Refinery  
  76  7:28  Refinery, Supply Depot  
  79  7:34  Supply Depot x2, Concussive Shells  
  79  7:38  Siege Tank  
  79  7:40  Marauder x2  
  86  7:49  Medivac x2  
  86  7:50  Marauder  
  92  7:52  SCV  
  92  7:55  Supply Depot  
  92  7:56  SCV  
  88  8:16  Marine x5  
  88  8:17  Marauder  
  95  8:22  Medivac, Siege Tank  
  95  8:23  Medivac  
  102  8:29  Armory  
  101  8:34  Supply Depot  
  101  8:35  Supply Depot  
  88  8:50  Marauder  
  88  8:51  Marauder x2  
  88  8:52  Medivac x2  
  98  8:57  Supply Depot  
  98  8:59  Siege Tank  
  101  9:12  Missile Turret  
  101  9:13  Marauder  
  101  9:14  Marauder  
  101  9:15  Marine x4  
  109  9:32  Marine x2  
  109  9:33  Marine x3  
  109  9:35  Marauder x2  
  110  9:50  Marine x2  
  110  9:51  Terran Infantry Weapons Level 2, Terran Infantry Armor Level 2  
  105  9:56  Liberator, Marine x2, Marauder x2  
  99  10:03  Marine  
  99  10:06  Liberator, Siege Tank  
  100  10:08  Marine, Marauder  
  100  10:14  Marine x2  
  105  10:20  Marine x2  
  109  10:25  Marine  
  113  10:32  Marine x3  
  113  10:33  Marine  
  117  10:38  Marine  
  117  10:42  Siege Tank  
  121  10:44  Marauder  
  121  10:46  Marine  
  124  10:54  Command Center  
  101  11:14  Marine x2  
  101  11:15  Marine, Marauder x2  
  89  11:27  Marine x2  
  89  11:32  Marine x3  
  81  11:33  Medivac x2  
  81  11:36  Marauder x2  
  81  11:38  SCV x2  
  94  11:45  Marine  
  94  11:46  Marauder  
  97  11:50  Marine x2  
  96  11:55  Barracks  
  96  11:57  Barracks  
  96  11:58  Supply Depot, Marauder x2  
  100  12:03  Medivac x2  
  100  12:07  Marauder  
  106  12:10  Marine  
  106  12:11  Marine x3  
  110  12:20  Supply Depot  
  110  12:23  Marauder  
  110  12:24  Marauder  
  110  12:26  Orbital Command  
  109  12:30  Marine x3  
  109  12:31  Marauder  
  98  12:44  Marine x2  
  98  12:45  Marauder  
  98  12:48  Marine x3  
  98  12:50  Terran Infantry Weapons Level 3, Terran Infantry Armor Level 3  
  101  12:52  Marauder  
  103  13:00  SCV x3  
  103  13:02  Marine  
  103  13:03  Marauder  
  109  13:06  Marauder  
  109  13:12  SCV x3  
  113  13:19  Medivac x2  
  113  13:21  Marauder  
  113  13:22  Barracks Reactor  
  113  13:23  Marine x4  
  113  13:24  Marauder, SCV  
  122  13:31  Barracks  
  122  13:32  Barracks  
  122  13:33  Missile Turret, Command Center  
  122  13:36  SCV x3  
  122  13:40  Marine x2  
  122  13:41  Marine x2  
  128  13:42  Marauder  
  128  13:43  Supply Depot  
  128  13:47  Marine, Marauder  
  132  14:06  Marine, Marauder  
  132  14:07  Marine, Marauder  
  121  14:13  Marine  
  121  14:14  Marauder  
  121  14:20  Marine x2  
  121  14:21  Marine, Marauder  
  128  14:28  Marauder  
  128  14:29  Marauder  
  128  14:30  Barracks Tech Lab x2  
  128  14:32  Marine  
  128  14:35  Marauder  
  128  14:37  Marine  
  132  14:40  Marine x4  
  132  14:41  Medivac x2  
  132  14:43  Marauder  
  142  14:47  Orbital Command  
  142  14:49  Marauder  
  142  14:50  Marine, Marauder  
  142  14:51  Sensor Tower  
  143  14:56  Marauder  
  143  14:57  Marine x2  
  143  14:58  Marine x2, Marauder  
  149  15:04  Marauder  
  148  15:08  Marine x3  
  148  15:11  Medivac x2, Marauder x2  
  159  15:15  Marine, Marauder  
  159  15:18  Marine  
  163  15:22  Marine x3  
  163  15:25  Marine  
Show
View Real Time Build Order
Export as new Build Order

BestKr Protoss 

Build Orders: Cannon Rush 

Get SALT Encoding   

  1  0:00  Probe  
  12  0:06  Probe  
  14  0:19  Pylon  
  14  0:23  Probe  
  15  0:43  Forge  
  15  0:46  Probe  
  16  0:55  Pylon  
  16  0:58  Probe  
  17  1:16  Photon Cannon  
  17  1:25  Photon Cannon  
  16  1:33  Photon Cannon  
  16  1:37  Photon Cannon  
  16  1:51  Assimilator, Probe  
  16  1:59  Probe  
  16  2:03  Photon Cannon  
  16  2:06  Gateway  
  16  2:07  Assimilator  
  16  2:08  Probe  
  17  2:12  Assimilator  
  18  2:16  Probe  
  19  2:24  Probe  
  19  2:25  Gateway  
  20  2:35  Probe  
  21  2:48  Probe  
  22  2:53  Photon Cannon  
  22  2:59  Cybernetics Core  
  22  3:07  Photon Cannon  
  22  3:30  Gateway  
  22  3:41  Pylon  
  22  3:43  Pylon  
  22  3:53  Stalker  
  22  3:59  Stalker  
  22  4:00  Warp Gate  
  22  4:02  Gateway  
  26  4:09  Stalker  
  26  4:21  Stalker  
  30  4:34  Pylon  
  30  4:36  Stalker  
  32  4:42  Stalker  
  31  4:57  Stalker x2  
  35  5:08  Stalker  
  37  5:16  Stalker  
  39  5:29  Stalker  
  39  5:34  Stalker  
  43  5:42  Stalker  
  45  5:51  Stalker  
  47  6:36  Pylon  
  47  6:38  Pylon  
  47  6:58  Stalker x4  
  53  7:29  Stalker x4  
  55  8:06  Nexus  
  53  8:18  Zealot x4  
  45  8:48  Stalker  
  47  9:17  Pylon  
  41  9:44  Stalker x3  
  39  9:47  Zealot  
  33  10:10  Zealot x2  
  33  10:11  Zealot  
  39  10:17  Zealot  
  41  10:29  Zealot x2  
  41  10:31  Zealot  
  47  10:38  Zealot  
  49  10:45  Zealot  
  51  10:50  Zealot  
  27  11:06  Zealot x2  
  29  11:16  Zealot x2  
  19  11:27  Zealot  
  19  11:28  Zealot  
  20  12:03  Nexus  
  18  13:48  Probe  
  18  13:49  Assimilator  
  19  13:56  Probe  
  20  14:12  Probe  
  21  14:30  Assimilator  
Show
View Real Time Build Order
Export as new Build Order

dhrma Protoss 

Build Orders:  

Get SALT Encoding   

  12  0:01  Probe  
  13  0:13  Probe  
  14  0:19  Pylon  
  14  0:25  Probe  
  15  0:37  Probe  
  15  0:41  Gateway  
  16  0:44  Assimilator  
  16  0:49  Probe  
  17  1:01  Probe  
  17  1:02  Pylon  
  18  1:13  Probe  
  19  1:26  Probe  
  19  1:28  Cybernetics Core  
  20  1:38  Probe  
  21  1:51  Nexus  
  21  1:52  Probe  
  22  2:00  Assimilator  
  22  2:04  Adept  
  22  2:07  Warp Gate  
  24  2:10  Probe  
  26  2:22  Probe  
  26  2:27  Pylon  
  26  2:35  Twilight Council, Probe  
  27  2:44  Probe  
  27  2:45  Stalker  
  30  2:53  Probe  
  31  3:00  Gateway  
  31  3:01  Probe  
  32  3:06  Probe  
  33  3:18  Charge  
  33  3:19  Probe  
  34  3:21  Stalker, Probe  
  37  3:37  Gateway  
  37  3:39  Probe  
  34  4:01  Probe x2  
  32  4:10  Stalker x2  
  32  4:13  Probe x2  
  38  4:25  Probe x2  
  38  4:26  Robotics Facility  
  34  4:42  Stalker x2  
  33  4:52  Probe x2  
  35  5:05  Warp Prism  
  35  5:06  Gateway  
  35  5:09  Gateway  
  35  5:11  Probe x2  
  39  5:26  Gateway  
  39  5:36  Gateway  
  39  5:42  Pylon  
  39  5:48  Probe x2  
  41  5:51  Pylon  
  41  5:59  Pylon  
  41  6:00  Pylon  
  41  6:10  Zealot  
  41  6:11  Zealot x4  
  48  6:18  Probe  
  48  6:30  Zealot  
  43  6:34  Zealot x3  
  44  6:41  Probe  
  44  6:43  Probe  
  46  6:53  Probe  
  47  6:56  Warp Prism  
  47  7:00  Probe  
  48  7:05  Probe  
  48  7:06  Twilight Council  
  51  7:12  Probe  
  52  7:17  Probe  
  51  7:26  Probe  
  51  7:29  Probe  
  51  7:33  Assimilator  
  51  7:35  Assimilator  
  49  7:38  Probe  
  49  7:41  Probe  
  51  7:50  Probe  
  52  7:52  Zealot x4  
  52  7:53  Probe, Zealot x3  
  67  8:01  Templar Archives  
  67  8:02  Probe  
  54  8:31  Stalker x2  
  54  8:32  Stalker x3  
  54  8:33  Probe  
  65  8:35  Probe  
  65  8:39  Templar Archives  
  66  8:48  Psionic Storm  
  66  9:04  Probe  
  66  9:07  Pylon  
  66  9:09  Gateway  
  67  9:10  High Templar x2  
  67  9:11  High Templar  
  67  9:14  Zealot x2  
  67  9:15  Zealot x2  
  81  9:19  Pylon  
  77  9:35  Zealot x4  
  61  9:56  High Templar x2  
  61  9:57  High Templar, Zealot x3  
  61  10:05  Probe  
  61  10:06  Probe  
  63  10:24  Nexus  
  63  10:27  High Templar, Pylon  
  63  10:28  Stalker  
  65  10:37  Zealot  
  65  10:38  Zealot  
  65  10:41  Stalker, High Templar x2  
  75  10:45  Archon  
  75  10:51  Shield Battery  
  75  10:54  Zealot  
  67  11:12  Archon  
  67  11:15  Zealot x7  
  65  11:35  High Templar x2  
  65  11:36  High Templar x2, Zealot  
  65  11:37  Zealot x2  
  65  11:38  Probe  
  80  11:48  Archon x2  
  79  12:14  High Templar  
  79  12:15  High Templar, Zealot x3  
  85  12:16  Zealot  
  85  12:20  Stalker  
  85  12:21  Archon  
  72  12:46  Stalker x5  
  65  12:58  High Templar  
  55  13:01  Assimilator  
  55  13:04  Assimilator  
  51  13:20  High Templar, Zealot  
  51  13:21  Zealot x3  
  61  13:34  Probe  
  61  13:35  Probe  
  61  13:36  Zealot x2  
  67  13:46  High Templar  
  67  13:47  Probe, High Templar, Zealot  
  67  13:48  Zealot  
  76  13:54  Stalker  
  68  14:13  Stalker  
  68  14:14  Probe x2  
  68  14:15  High Templar, Zealot x2  
  65  14:21  Archon  
  49  14:35  High Templar  
  49  14:36  High Templar, Zealot x3  
  49  14:37  Zealot  
  33  14:59  Stalker  
  27  15:00  Stalker x2  
  27  15:01  Zealot x2  
  30  15:08  Probe  
  30  15:12  Stalker x2  
  35  15:19  Probe  
  36  15:23  Probe  
  36  15:26  High Templar, Zealot x2  
  36  15:27  Probe, Zealot x2  
Tags
 
Add a new tag
Caveats
  • Supply blocks, unpowered buildings, or Contaminate may cause inaccurate times.
  • Supply counts are checked every 10 seconds.